Map: Bridgehead LE (Void)

Players

wabbajack - Winner!

  • Race: Terran Terran
  • League: Gold

VOD

Have the link to the VOD?

Description

Time

  • Played on: July 17, 2015, 4:37 p.m.
  • Length: 6:34
Show
View Real Time Build Order
Export as new Build Order

wabbajack Terran - Winner!

Build Orders: 1/1/1 

Get SALT Encoding   

  12  0:03  SCV  
  12  0:15  SCV  
  12  0:22  Supply Depot  
  12  0:28  SCV  
  12  0:30  Refinery  
  12  0:43  SCV  
  12  0:47  Barracks  
  12  0:55  SCV  
  12  1:08  SCV  
  12  1:11  Supply Depot  
  12  1:20  SCV  
  12  1:36  Orbital Command  
  12  1:37  Factory  
  12  1:38  Marine  
  12  1:44  Refinery  
  12  2:06  Bunker  
  12  2:08  SCV, Barracks Reactor  
  12  2:16  Barracks  
  12  2:27  Starport  
  12  2:31  Factory Reactor  
  12  2:40  SCV  
  12  2:44  Marine x2  
  12  2:49  Supply Depot  
  12  2:52  SCV  
  12  3:02  Marine x2  
  12  3:05  SCV  
  12  3:10  Hellion  
  12  3:11  Barracks Reactor, Hellion  
  12  3:17  SCV  
  12  3:20  Supply Depot  
  12  3:26  Marine x2  
  12  3:29  SCV  
  12  3:40  Hellion  
  12  3:42  Hellion  
  12  3:46  Armory  
  12  3:57  Marine x2  
  12  3:59  Medivac x2  
  12  4:02  Marine  
  12  4:09  Supply Depot  
  12  4:31  SCV, Hellion x2, Marine x2  
  12  4:38  Marine  
  12  4:43  Supply Depot  
  12  4:49  Supply Depot  
  12  5:05  Medivac x2  
  12  5:10  Hellion x2, Marine  
  12  5:11  Marine  
  12  5:12  Marine  
  12  5:19  Engineering Bay  
  12  6:32  Bunker  
Tags
 
Add a new tag
Caveats
  • Supply blocks, unpowered buildings, or Contaminate may cause inaccurate times.
  • Supply counts are checked every 10 seconds.